 Dungeon Crawl Stone Soup version 0.21-a0-88-g13b9641 (webtiles) character file.

285 kuniqs the Shield-Bearer (level 6, -1/47 HPs)
             Began as a Vampire Fighter on June 27, 2017.
             Slain by an ogre
             ... wielding a +0 giant spiked club
              (16 damage)
             ... on level 4 of the Dungeon.
             The game lasted 00:04:05 (2044 turns).

kuniqs the Shield-Bearer (Vampire Fighter)          Turns: 2044, Time: 00:04:06

Health: -1/47      AC: 13    Str: 17    XL:     6   Next: 7%
Magic:  6/6        EV:  3    Int: 11    God:
Gold:   143        SH:  9    Dex: 13    Spells: 5/5 levels left

rFire    . . .     SeeInvis +   d - +0 dagger (drain)
rCold    . . .     Gourm    .   c - +0 shield
rNeg     . . .     Faith    .   r - +0 plate armour
rPois    .         Spirit   .   t - +0 helmet (curse)
rElec    .         Reflect  .   (no cloak)
rCorr    .         Harm     .   (no gloves)
MR       .....                  (no boots)
Stlth    ..........             (no amulet)
HPRegen  0.35/turn              g - +1 ring of protection
MPRegen  0.10/turn              (no ring)

@: regenerating quickly
A: fangs 3, see invisible, unbreathing
a: no special abilities


You were on level 4 of the Dungeon.
You were full.

You visited 1 branch of the dungeon, and saw 4 of its levels.

You collected 143 gold pieces.

Inventory:

Hand Weapons
 a - a +0 rapier
 b - a +0 trident of protection
 d - a +0 dagger of draining (weapon)
Missiles
 s - 4 javelins (quivered)
Armour
 c - a +0 shield (worn)
 r - a +0 plate armour (worn)
 t - a cursed +0 helmet (worn)
Jewellery
 g - a +1 ring of protection (left hand)
Scrolls
 f - a scroll of blinking {unknown}
 h - 3 scrolls of teleportation {unknown}
 i - 2 scrolls of identify {unknown}
 l - a scroll of fog {unknown}
 m - 2 scrolls of remove curse {unknown}
 o - 2 scrolls of amnesia {unknown}
Potions
 e - 23 potions of blood
 j - a potion of degeneration {unknown}
 k - a potion of agility
 n - a potion of curing {unknown}
 p - a potion of mutation {unknown}
 q - a potion of lignification {unknown}


   Skills:
 + Level 3.6 Fighting
 + Level 3.2 Short Blades
 + Level 3.1 Armour
 + Level 2.5 Dodging
 * Level 4.2 Shields


You had 5 spell levels left.
You didn't know any spells.

Dungeon Overview and Level Annotations

Branches:
Dungeon (4/15)             Temple (0/1) D:4

Altars:
Ashenzari
Cheibriados
Kikubaaqudgha
Qazlal
Ru
Yredelemnul

Annotations:
D:4 Ijyb


Innate Abilities, Weirdness & Mutations

Your natural rate of healing is unusually fast.
You have razor-sharp teeth.
You have supernaturally acute eyesight. (SInv)
You can survive without breathing.


Message History

You open the door.
There is an open door here.
An ogre comes into view. It is wielding a giant spiked club.
The ogre shouts!
Found a scroll labeled NAHIUDABYS.
You hit the ogre. You drain the ogre! Your bite misses the ogre.
The ogre hits you with a giant spiked club!
You hit the ogre but do no damage. You drain the ogre! You bite the ogre.
The ogre hits you with a giant spiked club!
You are too injured to fight recklessly!
Yummy - fresh blood!
Ijyb the Twisted Goblin comes into view.
Ijyb shouts!
Found a scroll labeled PEMIBB KIUMA AKIMM.
Yummy - fresh blood!
The ogre hits you with a giant spiked club!
* * * LOW HITPOINT WARNING * * *
Yummy - fresh blood!
The ogre hits you with a giant spiked club!
You die...

#.......# #.###..#
#......####......##
#...........g....?#
#######.###.####..
###g###.##
#........#
#.#.###..#
#######O#.###..#
#.....@....##....
#.#######..##.####
#.# #..##.#
###+###.# #..##.#
#.....#.# #..# .#
#.###.#.# #
+.#>#.'.# #.#+#.###
#.....#


You could see an ogre and Ijyb.

Vanquished Creatures
  Sigmund (D:2)
  A hound zombie (D:3)
  Robin (D:3)
  3 adders
  A worm (D:2)
  3 dart slugs
  A leopard gecko (D:3)
  3 orcs (D:3)
  A ball python (D:2)
  4 bats
  2 giant cockroaches (D:3)
  16 goblins
  14 hobgoblins
  7 kobolds
  4 frilled lizards
  A leopard gecko zombie (D:4)
  9 rats
72 creatures vanquished.

Vanquished Creatures (others)
  A human (D:2)
1 creature vanquished.

Grand Total: 73 creatures vanquished

Notes
Turn   | Place    | Note
-------+----------+-------------------------------------------
     0 | D:1      | kuniqs the Vampire Fighter began the quest for the Orb.
     0 | D:1      | Reached XP level 1. HP: 17/17 MP: 1/1
   238 | D:1      | Reached XP level 2. HP: 23/23 MP: 2/2
   804 | D:2      | Noticed Sigmund
   819 | D:2      | Killed Sigmund
   819 | D:2      | Reached skill level 3 in Shields
   819 | D:2      | Reached XP level 3. HP: 7/29 MP: 3/3
   819 | D:2      | Reached XP level 4. HP: 8/35 MP: 4/4
   819 | D:2      | Reached XP level 5. HP: 9/41 MP: 5/5
   965 | D:2      | Found a shattered altar of Ashenzari.
  1015 | D:2      | Found a snail-covered altar of Cheibriados.
  1236 | D:2      | Found an ancient bone altar of Kikubaaqudgha.
  1251 | D:2      | Noticed a human
  1252 | D:2      | Killed a human
  1375 | D:2      | Found a sacrificial altar of Ru.
  1376 | D:2      | Found a basalt altar of Yredelemnul.
  1524 | D:3      | Reached skill level 4 in Shields
  1603 | D:3      | Noticed Robin
  1649 | D:3      | Killed Robin
  1751 | D:3      | Found a stormy altar of Qazlal.
  1751 | D:3      | Noticed an air elemental
  1755 | D:3      | Noticed a water elemental
  1755 | D:3      | Noticed a fire elemental
  1823 | D:3      | Reached XP level 6. HP: 34/47 MP: 6/6
  2002 | D:4      | Found a staircase to the Ecumenical Temple.
  2033 | D:4      | Noticed Ijyb
  2044 | D:4      | Slain by an ogre

Vault maps used:
D:1:      lightli_arrival_statue_moat
D:2:      cheibriados_altar_1, nicolae_ashenzari_panopticon,
          gammafunk_temple_overflow_pools, tgw_kikubaaqudgha, uniq_sigmund
D:3:      nicolae_qazlal_style_of_elements, uniq_robin
D:4:      minmay_temple_entry_glassed_door, first_bread, st_stairs_9,
          grunt_ministairs_9, uniq_ijyb

Skill      XL: |  1  2  3  4  5 |
---------------+----------------+-----
Fighting       | 3 |  3.6
Short Blades   | 3 |  3.2
Armour         | 3 |  3.1
Dodging        | 2 |  2.5
Shields        | 3 4 |  4.2

Action                   |  1- 3 |  4- 6 || total
-------------------------+-------+-------++-------
Melee: Rapier            |    47 |    11 ||    58
       Bite              |     1 |    20 ||    21
       Dagger            |       |   186 ||   186
       Trident           |       |    15 ||    15
  Use: Potion            |     3 |     7 ||    10
Armor: Scale mail        |    13 |    28 ||    41
       Plate armour      |       |    54 ||    54
Dodge: Dodged            |    13 |    41 ||    54
Block: Shield            |    19 |    90 ||   109
